AoeStats
← SPIKE

Black Forest

504949281Analyzed
4v4 RM · 26d ago on Sep 7, 2026· 84m 53s· 8 players
Game mode
Random Map
Map size
Large (8 player)
Population
200
Speed
Normal
Resources
Standard
Victory
Conquest
Starting age
Dark Age
Ending age
Imperial Age
RankedLock teamsTeams togetherTeam positionsShared explorationLock speedFull tech treeHidden civsTurbo modeCheats
Victory
Defeat
🇨🇳 Persians · China
941
+18
🇺🇸 Japanese · United States
939
+19
🇧🇷 Britons · Brazil
901
+20
🇺🇸 Dravidians · United States
890
+20
🇨🇳 Bulgarians · China
1214
-27
🇫🇮 Inca · Finland
998
-20
🇨🇳 Celts · China
998
-20
🇨🇳 Khmer · China
760
-10
Spicy Meatball
11:57 Feudal Age
17:45 Loom
20:29 Castle Age
21:28 Double-Bit Axe
21:27 Horse Collar
23:29 Caravan
24:40 Bow Saw
27:41 Heavy Plow
33:04 Gold Mining
33:04 Stone Mining
35:48 Imperial Age
33:36 Fortified Wall
34:34 Masonry
34:24 Murder Holes
34:50 Ballistics
34:21 Guard Tower
34:27 Fletching
34:47 Forging
34:38 Scale Mail Armor
35:31 Bodkin Arrow
35:30 Treadmill Crane
36:26 Town Watch
37:17 Wheelbarrow
37:12 Town Patrol
37:42 Pikeman
38:25 Squires
38:12 Gambesons
38:14 Arson
38:48 Chain Mail Armor
38:37 Bracer
39:16 Iron Casting
39:20 Keep
40:01 Plate Mail Armor
39:56 Conscription
39:51 Arrowslits
41:07 Chemistry
40:09 Yasama
39:44 Man-at-Arms
41:48 Blast Furnace
40:20 Halberdier
40:37 Long Swordsman
41:16 Two-Handed Swordsman
41:59 Champion
42:15 Elite Samurai
44:18 Thumb Ring
43:34 Elite Skirmisher
44:25 Siege Engineers
44:23 Padded Archer Armor
45:36 Leather Archer Armor
58:30 Hand Cart
83:20 Coinage
85:32 Banking
강해린
0:28 Loom
10:52 Feudal Age
11:17 Horse Collar
11:22 Double-Bit Axe
16:57 Gold Mining
16:57 Stone Mining
20:41 Castle Age
20:00 Wheelbarrow
22:31 Bow Saw
28:00 Heavy Plow
30:15 Pikeman
30:56 Squires
30:41 Arson
31:47 Hand Cart
33:43 Caravan
34:14 Coinage
38:24 Scale Barding Armor
38:19 Padded Archer Armor
38:30 Forging
41:55 Imperial Age
39:48 Chain Barding Armor
39:18 Fletching
42:39 Ballistics
42:35 Leather Archer Armor
42:16 Bodkin Arrow
42:56 Iron Casting
42:22 Scale Mail Armor
41:57 Halberdier
42:51 Elite Elephant Archer
44:27 Ring Archer Armor
43:57 Bracer
44:58 Chemistry
47:30 Blast Furnace
50:48 Two-Man Saw
51:37 Chain Mail Armor
73:49 Town Watch
erickisonduty
10:42 Feudal Age
15:14 Castle Age
13:12 Double-Bit Axe
13:35 Horse Collar
16:15 Bow Saw
20:47 Wheelbarrow
21:29 Heavy Plow
22:51 Hand Cart
24:22 Gold Mining
26:20 Gold Shaft Mining
30:13 Imperial Age
27:46 Fletching
27:56 Padded Archer Armor
28:21 Ballistics
28:12 Masonry
27:58 Murder Holes
28:37 Bodkin Arrow
29:03 Forging
28:59 Scale Barding Armor
28:51 Bodkin Arrow
30:12 Caravan
30:49 Iron Casting
30:18 Husbandry
30:29 Bloodlines
30:38 Loom
30:40 Town Watch
31:19 Chain Barding Armor
31:21 Conscription
31:46 Hoardings
31:24 Citadels
32:53 Elite War Elephant
34:24 Coinage
34:11 Guilds
34:23 Stone Mining
35:45 Two-Man Saw
35:30 Crop Rotation
37:01 Chemistry
36:32 Architecture
36:41 Devotion
39:17 Faith
39:07 Capped Ram
40:49 Siege Ram
46:36 Kamandaran
54:34 Onager
61:18 Coinage
64:42 Banking
KatituWanted
0:39 Loom
10:10 Feudal Age
17:04 Castle Age
15:29 Double-Bit Axe
26:22 Stone Mining
27:17 Gold Mining
31:17 Imperial Age
30:23 Gold Shaft Mining
30:51 Yeomen
30:39 Fletching
30:50 Padded Archer Armor
31:01 Horse Collar
31:35 Bow Saw
32:25 Wheelbarrow
32:58 Chemistry
32:19 Ballistics
32:11 Masonry
32:29 Elite Longbowman
33:29 Bodkin Arrow
33:56 Leather Archer Armor
34:39 Conscription
35:08 Hand Cart
35:29 Bracer
36:00 Ring Archer Armor
34:53 Pikeman
35:34 Squires
35:37 Halberdier
36:03 Arson
37:37 Caravan
38:14 Guilds
38:38 Coinage
38:14 Heavy Plow
39:19 Two-Man Saw
39:01 Forging
38:52 Scale Mail Armor
40:50 Hoardings
40:24 Warwolf
41:09 Iron Casting
40:49 Chain Mail Armor
41:07 Architecture
40:19 Treadmill Crane
41:52 Banking
45:13 Blast Furnace
44:44 Plate Mail Armor
44:22 Scale Barding Armor
48:50 Capped Ram
66:11 Man-at-Arms
66:36 Gambesons
67:47 Chain Barding Armor
69:10 Town Watch
68:55 Elite Skirmisher
72:58 Long Swordsman
75:36 Arrowslits
80:41 Crossbowman
81:10 Arbalester
Rölli
0:29 Loom
12:16 Feudal Age
14:40 Horse Collar
14:46 Double-Bit Axe
21:33 Castle Age
24:17 Bow Saw
24:32 Fortified Wall
25:26 Heavy Plow
26:32 Gold Mining
30:20 Wheelbarrow
29:31 Town Watch
33:48 Imperial Age
32:13 Ballistics
32:01 Squires
31:24 Elite Skirmisher
34:17 Scale Mail Armor
34:27 Forging
34:08 Fletching
34:18 Padded Archer Armor
34:22 Andean Sling
34:30 Thumb Ring
33:46 Crossbowman
35:00 Hand Cart
35:51 Crop Rotation
35:57 Gold Shaft Mining
35:33 Bodkin Arrow
35:53 Chain Mail Armor
36:39 Conscription
39:17 Iron Casting
39:13 Plate Mail Armor
38:58 Leather Archer Armor
38:44 Bracer
39:48 Chemistry
39:22 Fabric Shields
38:44 Elite Kamayuk
41:05 Blast Furnace
40:34 Caravan
41:43 Hoardings
42:18 Capped Ram
44:27 Ring Archer Armor
44:55 Masonry
44:52 Murder Holes
45:16 Siege Engineers
44:55 Siege Ram
46:08 Sappers
我的哈哈哈
1:10 Loom
12:31 Feudal Age
14:15 Scale Mail Armor
16:53 Castle Age
15:00 Horse Collar
15:37 Double-Bit Axe
17:30 Wheelbarrow
18:06 Bow Saw
20:06 Heavy Plow
20:42 Town Watch
23:59 Stone Mining
31:51 Imperial Age
31:18 Hand Cart
32:12 Capped Ram
32:58 Siege Ram
33:42 Scale Mail Armor
33:53 Forging
33:58 Onager
35:59 Chain Mail Armor
38:28 Chemistry
37:57 Town Patrol
39:17 Plate Mail Armor
39:23 Iron Casting
38:21 Siege Onager
42:09 Furor Celtica
44:05 Blast Furnace
42:26 Pikeman
44:47 Halberdier
_TY_梦涯
0:41 Loom
11:39 Feudal Age
12:44 Double-Bit Axe
15:25 Castle Age
14:34 Horse Collar
16:52 Bow Saw
18:10 Wheelbarrow
27:31 Gold Mining
28:21 Fervor
28:43 Hand Cart
31:45 Imperial Age
29:59 Scale Mail Armor
30:09 Forging
30:06 Scale Barding Armor
30:40 Heated Shot
31:13 Ballistics
30:49 Murder Holes
31:04 Masonry
31:10 Heavy Plow
31:19 Town Watch
32:06 Town Patrol
32:31 Chain Barding Armor
32:46 Iron Casting
32:26 Chain Mail Armor
32:52 Conscription
32:01 Heavy Scorpion
32:59 Pikeman
33:39 Squires
33:25 Arson
34:44 Blast Furnace
34:55 Capped Ram
35:02 Halberdier
36:16 Plate Mail Armor
36:22 Plate Barding Armor
36:53 Siege Ram
37:35 Gambesons
38:03 Caravan
38:24 Elite Konnik
39:39 Siege Engineers
40:35 Chemistry
40:06 Architecture
40:07 Stirrups
41:25 Light Cavalry
42:15 Bloodlines
42:06 Husbandry
43:32 Hussar
45:46 Gold Shaft Mining
45:44 Crop Rotation
45:06 Stone Mining
45:09 Fletching
45:20 Padded Archer Armor
54:50 Bodkin Arrow
55:11 Leather Archer Armor
58:51 Coinage
78:28 Banking
SPIKE
12:28 Feudal Age
13:05 Double-Bit Axe
13:17 Horse Collar
20:22 Castle Age
22:09 Bow Saw
27:26 Stone Mining
27:27 Gold Mining
27:36 Gold Mining
29:44 Stone Shaft Mining
29:44 Gold Shaft Mining
29:50 Gold Shaft Mining
33:27 Imperial Age
32:31 Ballistics
34:13 Murder Holes
34:29 Masonry
39:31 Elite Ballista Elephant
41:29 Architecture
43:00 Double Crossbow
43:25 Conscription
43:10 Tusk Swords
45:11 Padded Archer Armor
45:02 Fletching
45:22 Scale Barding Armor
46:04 Hoardings
48:38 Leather Archer Armor
48:18 Bodkin Arrow
48:43 Chain Barding Armor
48:01 Pikeman
49:42 Halberdier
52:48 Halberdier
61:24 Ring Archer Armor
60:55 Bracer
61:31 Plate Barding Armor
62:01 Chemistry
61:12 Fortified Wall
61:07 Siege Engineers
63:05 Scale Mail Armor
63:16 Forging
63:43 Coinage
66:43 Banking
Connection lost

Rejoining the realm…

Still unreachable

The connection could not be restored.

Session expired

The server has moved on; the page needs a fresh start.